AoeStats
← N1CE#ROCK

Nomad

507973615Analyzed
4v4 RM · 11d ago on Sep 20, 2026· 42m 57s· 8 players
Game mode
Random Map
Map size
231×231
Population
200
Speed
Normal
Resources
Standard
Victory
Conquest
Starting age
Dark Age
Ending age
Imperial Age
RankedLock teamsTeams togetherTeam positionsShared explorationLock speedFull tech treeHidden civsTurbo modeCheats
Victory
Defeat
🇩🇪 Dravidians · Germany
1236
+15
🇯🇵 Turks · Japan
1209
+16
🇷🇴 Celts · Romania
1200
+16
🇹🇷 Armenians · Türkiye
1197
+16
🇮🇳 Burgundians · India
1243
-18
1219
-16
🇮🇩 Goths · Indonesia
1177
-15
🇨🇳 Persians · China
1165
-14
MyDreams
9:10 Loom
13:09 Feudal Age
17:14 Castle Age
15:47 Double-Bit Axe
15:42 Horse Collar
16:37 Fishing Lines
18:58 Bow Saw
20:44 Gillnets
26:23 Wheelbarrow
28:09 Heavy Plow
27:54 Man-at-Arms
28:45 Squires
28:32 Gambesons
29:17 Pikeman
29:32 Long Swordsman
30:13 Scale Mail Armor
30:24 Two-Handed Swordsman
32:16 Chain Mail Armor
32:12 Forging
34:27 Iron Casting
33:14 Champion
37:39 Imperial Age
35:55 Fletching
38:14 Bodkin Arrow
37:44 Capped Ram
39:17 Conscription
43:14 Plate Mail Armor
43:45 Blast Furnace
N1CE#ROCK
4:41 Loom
16:21 Feudal Age
20:44 Castle Age
21:29 Pikeman
22:47 Scale Mail Armor
22:58 Forging
23:34 Double-Bit Axe
24:40 Chain Mail Armor
28:45 Bow Saw
34:25 Squires
40:27 Horse Collar
41:29 Chain Mail Armor
41:50 Iron Casting
RomaSaga
3:22 Loom
15:21 Feudal Age
19:25 Castle Age
17:47 Double-Bit Axe
17:44 Horse Collar
18:16 Stone Mining
19:38 Fishing Lines
20:41 Bow Saw
21:06 Town Watch
22:01 Fletching
22:30 Gold Mining
23:04 Gillnets
24:14 Fervor
26:36 Bodkin Arrow
29:08 Redemption
RoaZorro
10:54 Loom
14:42 Feudal Age
16:38 Fishing Lines
19:07 Castle Age
17:43 Man-at-Arms
18:08 Arson
18:17 Gold Mining
18:20 Double-Bit Axe
20:28 Bow Saw
20:10 Horse Collar
21:58 Gillnets
23:57 Wheelbarrow
23:35 Heavy Plow
24:44 Long Swordsman
25:09 Gambesons
25:28 Scale Mail Armor
27:00 Hand Cart
27:25 Town Watch
28:21 Chain Mail Armor
28:16 Forging
29:40 Treadmill Crane
30:14 Masonry
30:35 Fletching
31:21 Iron Casting
31:40 Bodkin Arrow
36:49 Imperial Age
37:07 Elite Woad Raider
38:16 Conscription
38:48 Plate Mail Armor
38:32 Gold Mining
38:35 Stone Mining
39:52 Blast Furnace
41:50 Stone Shaft Mining
41:52 Gold Shaft Mining
VNS_FFV
6:00 Loom
16:19 Feudal Age
19:27 Fletching
20:41 Padded Archer Armor
27:32 Castle Age
25:20 Double-Bit Axe
25:17 Horse Collar
26:51 Wheelbarrow
26:09 Gold Mining
28:57 Scale Barding Armor
28:16 Cavalier
30:02 Chain Barding Armor
29:54 Forging
40:09 Imperial Age
37:47 Stone Mining
38:09 Bow Saw
38:00 Heavy Plow
39:21 Elite Skirmisher
40:37 Bodkin Arrow
40:58 Leather Archer Armor
40:26 Capped Ram
5720638
伐伐伐伐伐木工
4:46 Loom
14:18 Feudal Age
18:20 Castle Age
18:07 Wheelbarrow
17:20 Fishing Lines
20:59 Town Watch
26:40 Double-Bit Axe
27:03 Gillnets
32:03 Bloodlines
31:59 Husbandry
31:22 Light Cavalry
40:49 Hand Cart
Q_Djarot
5:43 Loom
15:45 Feudal Age
18:11 Double-Bit Axe
18:09 Horse Collar
20:37 Castle Age
19:07 Gold Mining
21:58 Bow Saw
21:50 Heavy Plow
26:27 Wheelbarrow
26:07 Forging
26:23 Scale Mail Armor
27:28 Iron Casting
29:08 Chain Mail Armor
30:10 Hand Cart
30:12 Squires
34:33 Imperial Age
34:22 Fletching
35:52 Conscription
37:00 Blast Furnace
36:41 Elite Huskarl
Connection lost

Rejoining the realm…

Still unreachable

The connection could not be restored.

Session expired

The server has moved on; the page needs a fresh start.